 Dungeon Crawl Stone Soup version 0.15-a0-2075-ga361405 (webtiles) character file.

6135 Egon the Grappler (level 10, -12/102 HPs)
             Began as a Troll Monk on July 13, 2014.
             Mangled by a nine-headed hydra (14 damage)
             ... on Level 8 of the Dungeon on July 14, 2014.
             The game lasted 00:29:08 (7212 turns).

Egon the Grappler (Troll Monk)                      Turns: 7212, Time: 00:29:08

HP -12/102       AC  8     Str 21      XL: 10   Next: 59%
MP   4/4         EV 18     Int  6      God:
Gold 164         SH  0     Dex 15      Spells:  0 memorised,  9 levels left

rFire  . . .     SeeInvis .       - Unarmed
rCold  . . .     Clarity  .     f - +0 robe
rNeg   . . .     rCorr    .     (shield restricted)
rPois  +         rRot     .     E - +1 hat
rElec  .         Spirit   .     I - +1 cloak {rPois}
SustAb +         Warding  .     (gloves unavailable)
rMut   .         Stasis   .     (boots unavailable)
Gourm  +                        (no amulet)
MR     .....                    p - +4 ring of evasion
                                q - ring of sustain abilities

@: not resistant to hostile enchantments, unstealthy
A: unfitting armour, claws 3, fast metabolism 3, gourmand, regeneration 2,
saprovore 2, shaggy fur 1, tough skin 2
a: no special abilities


You were on level 8 of the Dungeon.
You were completely stuffed.

You visited 2 branches of the dungeon, and saw 9 of its levels.
You also visited: Sewer.

You collected 426 gold pieces.
You spent 262 gold pieces at shops.

Inventory:

Armour
 f - a +0 robe (worn)
 E - a +1 hat (worn)
 I - a +1 cloak of poison resistance (worn)
Magical devices
 x - a wand of lightning (0)
 z - a wand of paralysis (11)
 A - a wand of cold (8)
 B - a wand of confusion (0)
 J - a wand of teleportation (5)
Comestibles
 b - 8 meat rations
 h - a royal jelly
 j - a beef jerky
 k - 18 fruits
 u - 3 bread rations
 F - a chunk of sheep flesh
 K - 6 slices of pizza
Scrolls
 a - a scroll of immolation {unknown}
 e - 3 scrolls of remove curse
 g - 5 scrolls of fog
 l - 2 scrolls of enchant armour
 o - 2 scrolls of noise
 s - 4 scrolls of teleportation
 v - 2 scrolls of fear
 w - 2 scrolls of random uselessness
 y - a scroll of blinking {unknown}
 H - a scroll of recharging {unknown}
Jewellery
 c - an uncursed ring of teleportation
 n - an uncursed ring of stealth
 p - a +4 ring of evasion (right claw)
 q - a ring of sustain abilities (left claw)
Potions
 d - 4 potions of heal wounds
 i - a potion of resistance
 m - 2 potions of magic
 r - a potion of porridge
 t - 2 potions of agility
 C - a potion of might
 D - 3 potions of curing
 G - a potion of haste {unknown}


   Skills:
 + Level 7.2 Fighting
 + Level 7.3 Dodging
 - Level 1.1 Stealth
 * Level 11.8 Unarmed Combat


You had 9 spell levels left.
You didn't know any spells.

Dungeon Overview and Level Annotations

Branches:
Dungeon (8/15)             Temple (1/1) D:5
   Lair: D:8-11

Altars:
Ashenzari
Cheibriados
Dithmenos
Elyvilon
Gozag
Kikubaaqudgha
Makhleb
Nemelex Xobeh
Qazlal
Trog
Vehumet
Xom
Yredelemnul
Zin
The Shining One

Shops:
D:6 :[!   D:8 [

Annotations:
D:8 Tolias' ghost, experienced FoWn


Innate Abilities, Weirdness & Mutations

You are too large for most types of armour.
You have claws for hands.
Your metabolism is lightning-fast.
You like to eat raw meat.
You heal very quickly.
You can eat rotten meat.
You are covered in fur (AC +1).
You have very tough skin (AC +2).


Message History

The nine-headed hydra bites you!
* * * LOW HITPOINT WARNING * * *
The nine-headed hydra bites you!
* * * LOW HITPOINT WARNING * * *
The nine-headed hydra misses you. x2
The nine-headed hydra bites you but does no damage.
The nine-headed hydra completely misses you.
Unknown command.
There is an open gate here.
You see here 11 stones.
You see here a sheep skeleton.
The nine-headed hydra bites you.
* * * LOW HITPOINT WARNING * * *
The nine-headed hydra bites you!
* * * LOW HITPOINT WARNING * * *
The nine-headed hydra closely misses you.
The nine-headed hydra bites you!
* * * LOW HITPOINT WARNING * * *
The nine-headed hydra misses you. The nine-headed hydra bites you!
You die...

.# ##.# #.....#..# .# #.#
#≈...('..# .# #.#
###...P.'..### .# #.#
#.K≈..(.'..#.. .#
#.#########%#.....#.(### .#
######>........).#≈.P≈P##'#..
.#
#........#######.#P≈≈≈≈#.%###
.#
##.####.#.#######K#PP≈P.+).###
.#..# #......@D...##########(.
.#..#+######.########...#
#.#.# .#......# #.# ##..#
#.#.# .#......# #.#
#..#####'#'# .#......# #.#
##.##....... .#......# #.#
#..#....... .#......# #.#
#####..#....... .#......####.#
#......#....... .#..#......#.#
#......#.......


You could see a nine-headed hydra (bleeding) and a big kobold.

Vanquished Creatures
  Gastronok (D:8)
  Pikel (D:5)
  A hill giant (D:8)
  2 yaks (D:8)
  2 sky beasts
  4 slaves (D:5)
  A black bear (D:7)
  3 orc warriors
  3 ice beasts
  A phantom (D:4)
  2 centaurs
  4 ogres
  Duvessa (D:8)
  A crocodile (D:7)
  3 big kobolds
  2 giant frogs
  A gnoll sergeant (D:8)
  3 scorpions
  3 jellies
  4 goliath beetles
  The ghost of Vidiiot the Chopper, a weakling TeBe of Trog (D:3)
  Dowan (D:8)
  4 crimson imps
  4 hounds
  3 orc priests
  A giant frog skeleton (D:7)
  5 iguanas
  A gnoll shaman (D:4)
  10 orc wizards
  4 worker ants
  2 sheep (D:8)
  A sky beast zombie (D:7)
  Ijyb (D:6)
  Terence (D:2)
  A worker ant zombie (D:5)
  7 gnolls
  9 adders
  2 green rats (Sewer)
  A scorpion zombie (D:5)
  8 giant mites
  3 shadow imps
  A worm (D:4)
  2 adder zombies (D:5)
  34 orcs
  2 ball pythons (D:3)
  7 giant cockroaches
  15 goblins
  9 hobgoblins
  5 quokkas
  13 bats
  5 giant geckos
  A giant gecko skeleton (D:8)
  3 giant newts
  A goblin skeleton (D:4)
  7 jackals
  14 kobolds
  2 kobold skeletons
  A kobold zombie (D:6)
  An orc zombie (D:6)
  14 rats
  2 rat zombies
252 creatures vanquished.

Notes
Turn   | Place    | Note
--------------------------------------------------------------
     0 | D:1      | Egon, the Troll Monk, began the quest for the Orb.
     0 | D:1      | Reached XP level 1. HP: 22/22 MP: 1/1
   167 | D:1      | Reached XP level 2. HP: 29/29 MP: 1/1
   774 | D:2      | Reached XP level 3. HP: 26/36 MP: 2/2
   796 | D:2      | Noticed Terence
   820 | D:2      | Killed Terence
  1065 | D:2      | Reached XP level 4. HP: 41/44 MP: 2/2
  1446 | D:3      | Found a glowing drain.
  1467 | D:3      | Reached skill level 5 in Unarmed Combat
  1480 | Sewer    | Entered a sewer
  1564 | Sewer    | Reached XP level 5. HP: 48/53 MP: 2/2
  1568 | Sewer    | Noticed a big kobold
  1581 | Sewer    | Killed a big kobold
  1596 | Sewer    | Found a glowing silver altar of Zin.
  1768 | D:3      | Noticed Vidiiot's ghost (weakling TeBe)
  1775 | D:3      | Killed Vidiiot's ghost
  1836 | D:3      | Reached XP level 6. HP: 43/61 MP: 3/3
  2249 | D:3      | Reached skill level 6 in Unarmed Combat
  2389 | D:4      | Reached XP level 7. HP: 34/68 MP: 3/3
  2583 | D:4      | Found an opulent altar of Gozag.
  2590 | D:4      | Found an ancient bone altar of Kikubaaqudgha.
  2590 | D:4      | Found a basalt altar of Yredelemnul.
  2591 | D:4      | Found a burning altar of Makhleb.
  2594 | D:4      | Found a glowing silver altar of Zin.
  2595 | D:4      | Found a shattered altar of Ashenzari.
  2662 | D:4      | Found a white marble altar of Elyvilon.
  2940 | D:4      | Reached skill level 7 in Unarmed Combat
  2994 | D:5      | Entered Level 5 of the Dungeon
  3177 | D:5      | Noticed Pikel
  3192 | D:5      | Killed Pikel
  3192 | D:5      | Reached skill level 5 in Dodging
  3192 | D:5      | Reached skill level 8 in Unarmed Combat
  3192 | D:5      | Reached XP level 8. HP: 74/79 MP: 3/3
  3256 | D:5      | Reached skill level 5 in Fighting
  3744 | D:5      | Found a staircase to the Ecumenical Temple.
  3754 | Temple   | Entered the Ecumenical Temple
  3967 | D:6      | Found Kaqi Pla's Antique Armour Emporium.
  4041 | D:6      | Reached skill level 9 in Unarmed Combat
  4062 | D:6      | Found Ciriariu's Book Emporium.
  4272 | D:6      | Found a bloodstained altar of Trog.
  4278 | D:6      | Reached XP level 9. HP: 67/88 MP: 4/4
  4420 | D:6      | Noticed Ijyb
  4453 | D:6      | Killed Ijyb
  4510 | D:6      | Found Shiaz's Distillery.
  4516 | D:6      | Bought a potion of curing for 24 gold pieces
  4516 | D:6      | Bought a potion of heal wounds for 36 gold pieces
  5213 | D:7      | Reached skill level 10 in Unarmed Combat
  5814 | D:8      | Noticed a hill giant
  5824 | D:8      | Killed a hill giant
  5836 | D:8      | Found Uheadoel's Armour Emporium.
  5853 | D:8      | Bought a +1 cloak of poison resistance for 202 gold pieces
  5938 | D:8      | Noticed Tolias' ghost (experienced FoWn)
  6127 | D:7      | Reached XP level 10. HP: 32/100 MP: 4/4
  6710 | D:8      | Noticed Gastronok
  6734 | D:8      | Killed Gastronok
  6734 | D:8      | Reached skill level 11 in Unarmed Combat
  7057 | D:8      | Noticed Duvessa
  7065 | D:8      | Noticed Dowan
  7069 | D:8      | Killed Duvessa
  7072 | D:8      | Killed Dowan
  7189 | D:8      | Noticed a two-headed hydra
  7212 | D:8      | HP: 2/102 [nine-headed hydra (7)]
  7212 | D:8      | Mangled by a nine-headed hydra

Action                   |  1- 3 |  4- 6 |  7- 9 | 10-12 || total
-------------------------+-------+-------+-------+-------++-------
Melee: Unarmed           |    83 |   175 |   415 |   123 ||   796
Evoke: Wand              |       |       |     2 |     2 ||     4
  Use: Scroll            |     1 |     4 |     3 |     3 ||    11
       Potion            |       |     7 |     3 |     1 ||    11
 Stab: Sleeping          |     1 |     1 |     1 |       ||     3
       Distracted        |       |       |     2 |       ||     2
  Eat: Chunk             |     9 |    18 |    32 |    13 ||    72
